 Dungeon Crawl Stone Soup version 0.16-a0-4097-gb4d75fa (webtiles) character file.

254 Chiseanne the Sneak (level 5, -1/41 HPs)
             Began as a Mummy Assassin on Feb 25, 2015.
             Was an Initiate of Gozag.
             Slain by a water moccasin zombie (3 damage)
             ... in an ossuary.
             The game lasted 00:11:04 (4403 turns).

Chiseanne the Sneak (Mummy Assassin)                Turns: 4403, Time: 00:11:04

Health: -1/41      AC:  5    Str: 14    XL:     5   Next: 90%
Magic:  5/5        EV: 13    Int: 10    God:    Gozag
Gold:   348        SH:  0    Dex: 14    Spells: 0 memorised, 4 levels left

rFire  x . .     SeeInvis .     a - +4 short sword
rCold  + . .     Clarity  .     c - +0 robe
rNeg   + + +     SustAb   .     (no shield)
rPois  ∞         Gourm    .     (no helmet)
rElec  .         Spirit   .     d - +1 cloak
rCorr  .         Warding  .     g - +0 pair of gloves
rMut   +         Stasis   .     (no boots)
MR     .....                    j - amulet of resist mutation
Stlth  +++.......               (no ring)
                                (no ring)

@: about to teleport, not resistant to hostile enchantments, fairly stealthy
A: no food or potions, fire vulnerability, restore body, cold resistance 1,
negative energy resistance 3, poison resistance, torment resistance, unbreathing
a: Potion Petition, Call Merchant, Bribe Branch, Renounce Religion


You were in an ossuary.
You worshipped Gozag.
Gozag was noncommittal.
You were not hungry.

You visited 1 branch of the dungeon, and saw 4 of its levels.
You also visited: Ossuary.

You collected 433 gold pieces.
You paid 85 gold pieces to Gozag.

Inventory:

Hand weapons
 a - a +4 short sword (weapon)
 s - a +0 vampiric whip
 w - a +0 blowgun
Missiles
 e - 6 poisoned needles
 f - a curare-tipped needle
 h - 67 stones (quivered)
 i - 14 bolts
 n - 16 arrows
Armour
 c - a +0 robe (worn)
 d - a +1 cloak (worn)
 g - a +0 pair of gloves (worn)
Jewellery
 j - an amulet of resist mutation (around neck)
Scrolls
 l - a scroll of identify
Books
 m - a book of Geomancy

   Spells                             Type                      Level
   a - Sandblast                      Earth                        1
   b - Stoneskin                      Transmutation/Earth          2
   c - Passwall                       Transmutation/Earth          3
   d - Stone Arrow                    Conjuration/Earth            3
   e - Petrify                        Transmutation/Earth          4
   f - Lee's Rapid Deconstruction     Earth                        5


   Skills:
 * Level 3.3 Fighting
 - Level 1.5 Short Blades
 - Level 1.5 Throwing
 * Level 3.0 Dodging
 * Level 4.7 Stealth


You had 4 spell levels left.
You didn't know any spells.

Dungeon Overview and Level Annotations

Branches:
Dungeon (4/15)
 Temple: D:4-7

Altars:
Gozag
Yredelemnul
The Shining One


Innate Abilities, Weirdness & Mutations

You do not eat or drink.
Your flesh is vulnerable to fire.
Your flesh is cold resistant.
You are immune to negative energy.
Your system is resistant to poisons.
You are immune to unholy pain and torment.
You can survive without breathing.


Message History

The water moccasin zombie barely misses you.
Really walk into that needle trap?
Okay, then.
Unknown command.
Read which item? (? for menu, Esc to quit)
As you read the scroll of teleportation, it crumbles to dust.
You feel strangely unstable. The water moccasin zombie bites you.
* * * LOW HITPOINT WARNING * * *
Really walk into that needle trap?
Okay, then.
Unknown command.
A poisoned needle shoots out and hits you!
The water moccasin zombie completely misses you.
An arrow hits the kobold zombie!
The kobold zombie is destroyed!
There is a needle trap here.
A poisoned needle hits the water moccasin zombie, but does no damage!
The water moccasin zombie bites you.
You die...
Your body crumbles into a pile of gold.

#...#...#
#..^'.Z.+
###'#####
#...# #...#
#...# #...#
##Z## #@^.#
#.Z.# #^^^#
#.^.# ###'#
#.^^#
#.^^##### ###
#^..#...#!?!!#
#...'.∩.#?!%!+


You could see a water moccasin zombie and a hobgoblin zombie.

Vanquished Creatures
  A water moccasin zombie (Ossuary)
  2 worker ants (D:4)
  4 adders
  A giant mite (D:3)
  3 worms
  2 giant geckos
  3 orcs (D:3)
  3 bats
  A gnoll zombie (Ossuary)
  6 goblins
  9 hobgoblins
  9 jackals
  9 kobolds
  3 quokkas
  A ball python (D:1)
  A giant cockroach (D:2)
  7 giant newts
  6 hobgoblin zombies (Ossuary)
  2 kobold zombies (Ossuary)
  An orc zombie (Ossuary)
  A quokka skeleton (D:4)
  7 rats
82 creatures vanquished.

Vanquished Creatures (others)
  A kobold zombie (Ossuary)
1 creature vanquished.

Grand Total: 83 creatures vanquished

Notes
Turn   | Place    | Note
--------------------------------------------------------------
     0 | D:1      | Chiseanne, the Mummy Assassin, began the quest for the Orb.
     0 | D:1      | Reached XP level 1. HP: 16/16 MP: 1/1
   209 | D:1      | Reached skill level 1 in Dodging
   219 | D:1      | Reached XP level 2. HP: 6/22 MP: 2/2
  1531 | D:2      | Found a basalt altar of Yredelemnul.
  1537 | D:2      | Reached XP level 3. HP: 19/27 MP: 3/3
  1753 | D:2      | Reached skill level 4 in Stealth
  2062 | D:2      | Reached XP level 4. HP: 24/34 MP: 4/4
  2185 | D:2      | Found an opulent altar of Gozag.
  2195 | D:2      | Became a worshipper of Gozag Ym Sagoz the Greedy
  2626 | D:3      | Found a glowing golden altar of the Shining One.
  3588 | D:4      | Reached XP level 5. HP: 4/41 MP: 5/5
  3779 | D:4      | Found a sand-covered staircase.
  3784 | Ossuary  | Entered an ossuary
  4398 | Ossuary  | HP: 2/41 [water moccasin zombie (2)]
  4403 | Ossuary  | Slain by a water moccasin zombie

Action                   |  1- 3 |  4- 6 || total
-------------------------+-------+-------++-------
Melee: Dagger            |    86 |       ||    86
       Short sword       |    34 |   139 ||   173
       Whip              |       |    31 ||    31
 Fire: Blowgun           |    18 |     3 ||    21
  Use: Scroll            |     5 |     2 ||     7
 Stab: Sleeping          |     5 |     7 ||    12
       Distracted        |     1 |     1 ||     2
